 Dungeon Crawl Stone Soup version 0.31.0-12-g77e489cdc1 (webtiles) character file.

Game seed: 13637350877733654966

0 ChrisAssaf the Ruffian (level 1, 0/9 HPs)
             Began as a Human Shapeshifter on Feb 28, 2024.
             Slain by a hobgoblin (3 damage)
             ... on level 1 of the Dungeon.
             The game lasted 00:00:14 (28 turns).

ChrisAssaf the Ruffian (Human Shapeshifter)           Turns: 28, Time: 00:00:14

Health: 0/9        AC:  0    Str: 14    XL:     1   Next: 10%
Magic:  1/1        EV: 16    Int: 10    God:
Gold:   0          SH:  0    Dex: 12    Spells: 0/0 levels left

rFire   . .          .
                       - Unarmed
rCold   . . .        (shield currently unavailable)
rNeg    . . .        a - melded +0 animal skin
rPois   .            (no helmet)
rElec   .            (no cloak)
rCorr   .            (no gloves)
SInv    .            (no boots)
Will    .....        (no amulet)
Stlth   +            (no ring)
HPRegen 0.21/turn    (no ring)
MPRegen 0.07/turn

%: no passive effects
@: flux-form, glowing, very slow
A: glow, contaminating, reduced hp, explore regen
a: Begin Untransformation


You were on level 1 of the Dungeon.
You were something dangerously unstable.
You visited 1 branch of the dungeon, and saw 1 of its levels.

Inventory:

Armour
 a - a +0 animal skin (melded)
Talismans
 c - a beast talisman
 d - a flux talisman (active)
Potions
 b - a potion of lignification


   Skills:
 * Level 1.0 Fighting
 * Level 2.0 Dodging
 * Level 3.0 Unarmed Combat
 * Level 3.0 Shapeshifting


You couldn't memorise any spells.
You didn't know any spells.
Your spell library was empty.

Dungeon Overview and Level Annotations

Branches:
Dungeon (1/15)

Altars:

Shops:
D:1 [


Innate Abilities, Weirdness & Mutations

You are something dangerously unstable.
You glow with magical radiation, making you easy to see and hit.
Foes you strike become dangerously contaminated with magical radiation.
Your maximum health is decreased, since you lack skill for your form.
You are incapable of wielding weapons or throwing items.
You regain HP and MP as you explore.


Message History

Welcome, ChrisAssaf the Human Shapeshifter.
The heart of this dungeon contains the wondrous artefact, the Orb of Zot.
Press ? for a list of commands and other information.
Found an escape hatch in the floor.
Found a staircase leading out of the dungeon.
You begin transforming.
You continue transforming. x3
Your transformation has ended.
You turn into something dangerously unstable.
Your +0 animal skin melds into your body.
HP restored.
Unknown command.
There is a dry fountain, spattered with blood here.
Found Ogutudghae's Antique Armour Emporium.
You enter the shallow water.
Moving in this stuff is going to be slow.
A rat comes into view.
The rat squeaks loudly.
You hear a shout!
The rat bites you.
A goblin comes into view. It is wielding a +0 dagger.
A kobold comes into view. It is wielding a +0 club.
The goblin shouts!
The rat bites you.
You barely miss the rat. The rat bites you.
A hobgoblin comes into view.
The hobgoblin shouts!
You hit the rat but do no damage.
The rat begins to glow.
The rat bites you.
You hit the rat but do no damage.
The rat glows dangerously bright.
The rat bites you.
* * * LOW HITPOINT WARNING * * *
You hit the rat.
You kill the rat!
You enter the shallow water.
Moving in this stuff is going to be slow.
The hobgoblin attacks as it pursues you!
The hobgoblin hits you.
You die...

...... .######
#....##.......
.............
#....∩..#
#.†g.# #....#
#...K########
#.~~g##⌠...⌠#
#.~p.##.....#
#....##.>.<.#
##..###.....#
#.####⌠...⌠#
##..#.######
###.## ###


You could see a hobgoblin, a goblin and a kobold.

Vanquished Creatures
  A rat (D:1)
1 creature vanquished.

Notes
Turn   | Place    | Note
-------+----------+-------------------------------------------
     0 | D:1      | ChrisAssaf the Human Shapeshifter began the quest for the
                  | Orb.
     0 | D:1      | Reached XP level 1. HP: 15/15 MP: 1/1
    13 | D:1      | Found Ogutudghae's Antique Armour Emporium.
    28 | D:1      | Slain by a hobgoblin

Illustrated notes

Levels and vault maps discovered:
D:1:      amcnicky_arrival_gap_in_the_tavern_cellar, layout_basic, serial_shops,
          shop, shapermc_ecumenical_altar_mp_highgroup, dk_noncrumbling_4

Action                     || total
---------------------------++-------
  Melee: Unarmed           ||     4
 Armour: Skin              ||     6
   Form: Flux              ||     1
